 Dungeon Crawl Stone Soup version 0.27-a0-1529-g1e82c303ef (webtiles) character file.

Game seed: 4876038126155981249

82898 miscthings the Carver (level 14, -3/118 HPs)
             Began as a Demigod Gladiator on July 11, 2021.
             Killed by divine providence
             ... invoked by an orc priest
              (10 damage)
             ... on level 2 of the Orcish Mines.
             The game lasted 00:39:51 (18283 turns).

miscthings the Carver (Demigod Gladiator)          Turns: 18283, Time: 00:39:52

Health: -3/118     AC: 24    Str: 29    XL:     14   Next: 91%
Magic:  17/17      EV: 16    Int: 13    God:
Gold:   1526       SH:  8    Dex: 29    Spells: 13/13 levels left

rFire    + . .     SeeInvis .   C - +4 scimitar (flame)
rCold    + . .     Faith    .   c - +0 buckler
rNeg     . . .     Spirit   .   G - +2 plate armour {rF+}
rPois    .         Reflect  .   W - +1 helmet of Lacwivvi {Int+3 Dex+3}
rElec    .         Harm     .   m - +0 cloak
rCorr    .         Rampage  .   H - +0 pair of gloves {archery}
Will     +....                  l - +0 pair of boots of Beonwero {Dex+3}
Stlth    ..........             (no amulet)
HPRegen  1.29/turn              a - ring of protection from cold
MPRegen  0.15/turn              M - +6 ring of strength

@: studying Throwing
A: high mp 1, forlorn, iridescent scales 1, regeneration 1
a: no special abilities


You were on level 2 of the Orcish Mines.
You visited 3 branches of the dungeon, and saw 19 of its levels.
You also visited: Volcano.

You collected 2111 gold pieces.
You spent 585 gold pieces at shops.

Inventory:

Hand Weapons
 C - a +4 scimitar of flaming (weapon)
Missiles
 d - 2 throwing nets
 q - 80 poisoned darts (quivered)
 X - 3 atropa-tipped darts
Armour
 c - a +0 buckler (worn)
 l - the +0 pair of boots of Beonwero (worn) {Dex+3}
   (You found it on level 4 of the Lair of Beasts)

   Dex:       It affects your dexterity (+3).
 m - a +0 cloak (worn)
 A - a +0 plate armour of willpower
 G - a +2 plate armour of fire resistance (worn)
 H - a +0 pair of gloves of archery (worn)
 J - a +0 kite shield
 K - +0 acid dragon scales
 V - a +0 troll leather armour
 W - the +1 helmet of Lacwivvi (worn) {Int+3 Dex+3}
   (You bought it in a shop on level 2 of the Orcish Mines)

   Int:       It affects your intelligence (+3).
   Dex:       It affects your dexterity (+3).
Jewellery
 a - a ring of protection from cold (left hand)
 e - a ring of flight
 n - a ring of fire
 p - a ring of positive energy
 y - a ring of ice
 M - a +6 ring of strength (right hand)
 U - a ring of see invisible
Wands
 b - a wand of flame (42)
 w - a wand of iceblast (3)
 E - a wand of mindburst (12)
 L - a wand of charming (4)
 T - a wand of acid (10)
Scrolls
 h - 2 scrolls of identify {@r1}
 r - 2 scrolls of magic mapping
 s - 5 scrolls of teleportation
 v - 3 scrolls of enchant armour
 x - a scroll of fog
 B - 2 scrolls of summoning
 D - 3 scrolls of immolation
 N - a scroll of enchant weapon
 S - a scroll of fear
Potions
 f - 3 potions of mutation
 g - 3 potions of resistance
 i - a potion of curing
 j - 7 potions of ambrosia
 k - 6 potions of flight
 o - 5 potions of lignification
 t - a potion of magic
 u - a potion of brilliance
 F - 4 potions of berserk rage
 O - 6 potions of haste
 P - a potion of might
 R - 2 potions of attraction
Miscellaneous
 z - a phial of floods (inert)
 I - a condenser vane (inert)
 Q - a phantom mirror (inert)


   Skills:
 + Level 9.3 Fighting
 - Level 14.0 Long Blades
 - Level 10.0 Throwing
 + Level 9.1 Armour
 + Level 9.5 Dodging
 + Level 9.4 Shields
 + Level 9.2 Evocations


You had 13 spell levels left.
You didn't know any spells.
Your spell library contained the following spells:

 Spells                   Type           Power      Damage    Failure   Level
 Corona                   Hex            0%         N/A       94%         1
 Magic Dart               Conj           0%         1d3       94%         1
 Shock                    Conj/Air       0%         1d3       94%         1
 Blink                    Tloc           N/A        N/A       98%         2
 Ensorcelled Hibernation  Hex/Ice        0%         N/A       98%         2
 Searing Ray              Conj           0%         3d3       98%         2
 Lesser Beckoning         Tloc           0%         N/A       100%        3
 Ozocubu's Armour         Ice            0%         N/A       100%        3
 Swiftness                Air            0%         N/A       100%        3
 Tukima's Dance           Hex            0%         N/A       100%        3
 Airstrike                Air            0%         N/A       100%        4
 Animate Dead             Necr           0%         N/A       100%        4
 Fulminant Prism          Conj/Hex       0%         3d6       100%        4
 Hailstorm                Conj/Ice       0%         3d3       100%        4
 Ice Form                 Ice/Tmut       0%         N/A       100%        4
 Passage of Golubria      Tloc           N/A        N/A       100%        4
 Fireball                 Conj/Fire      0%         3d3       100%        5
 Iskenderun's Battlesphe  Conj           0%         2d6       100%        5
 Manifold Assault         Tloc           0%         N/A       100%        5
 Yara's Violent Unravell  Hex/Tmut       0%         3d3       100%        5
 Conjure Ball Lightning   Conj/Air       0%         3x3d6     100%        6
 Simulacrum               Ice/Necr       0%         N/A       100%        6
 Haunt                    Necr/Summ      0%         N/A       100%        7
 Malign Gateway           Summ/Tloc      0%         N/A       100%        7
 Orb of Destruction       Conj           0%         N/A       100%        7
 Ozocubu's Refrigeration  Ice            0%         4d5       100%        7
 Infestation              Necr           0%         N/A       100%        8
 Summon Horrible Things   Summ           0%         N/A       100%        8


Dungeon Overview and Level Annotations

Branches:
Dungeon (11/15)            Temple (0/1) D:4            Lair (6/6) D:11
 Shoals (0/4) Lair:2        Snake (0/4) Lair:2        Slime (0/5) Lair:6
    Orc (2/2) D:10        Volcano (visited)
    Elf: Orc:2

Shops:
D:5 *   D:10 !(?[   Orc:2 =[(


Innate Abilities, Weirdness & Mutations

Your attributes grow dramatically as you level up.
You have an increased reservoir of magic. (+10% MP)
You shall have no god before yourself.
You are partially covered in iridescent scales. (AC +2)
Your natural rate of healing is unusually fast.


Message History

The troll claws you but does no damage. You block the orc wizard's attack.
The warg bites you. You block the orc warrior's attack. The troll misses you.
You riposte.
You slash the troll! You burn the troll!
The troll is heavily wounded.
The troll claws you but does no damage. x2; The orc misses you.
You block the warg's attack.
The orc priest calls upon Beogh to heal the orc warlord.
The orc warlord is healed somewhat.
You hear a shout!
You hit the orc warlord. You burn the orc warlord.
The orc warlord is almost dead.
The orc warlord hits you with a +1 vorpal dire flail.
The orc hits you but does no damage. You block the orc warrior's attack.
You block the orc's attack. The orc warrior closely misses you.
The troll completely misses you.
You riposte.
You slash the troll! You burn the troll.
You kill the troll!
The warg bites you.
The orc warrior no longer looks unusually strong.
An orc priest comes into view. It is wielding a +0 dagger.
You block the orc warrior's attack.
You hit the orc warlord but do no damage.
The orc warlord is almost dead.
You block the warg's attack.
An orc priest comes into view. It is wielding a +0 whip.
You slash the orc warlord! You burn the orc warlord.
The orc warlord is almost dead.
An orc warrior comes into view. It is wielding a +0 glaive.
The orc barely misses you.
The orc warlord hits you with a +1 vorpal dire flail!!
* * * LOW HITPOINT WARNING * * *
x2 You block the warg's attack.
You block the orc warrior's attack.
The orc warrior is no longer waterlogged.
The orc wizard is no longer waterlogged.
The orc priest mumbles some strange prayers to Beogh against you.
Beogh smites you!
* * * LOW HITPOINT WARNING * * *
The orc priest invokes the aid of Beogh against you.
Beogh smites you!
You die...

.._.).)≈........'....#
...o).8≈≈.8...8.####)'
..8...##)≈.....)####.#
.....##≈≈≈≈.....#..#.#
#...##≈oo...#...#..'..
#### #oo...##..##..#..
##..oo.#...#####..
#hoo..##... #.....
#@....#.... #.####
#o....##...# #.#(.#
oo....## #.'..#
.......## ###..#
........## ####
.∩.....## ......#
.....#


You could see an orc warlord (waterlogged), a warg (waterlogged), 4 orc
warriors, 3 orc priests, an orc wizard and 2 orcs.

Vanquished Creatures
  Rupert (Lair:4)
  Donald (Orc:2)
  A fire dragon (Volcano)
  An ettin (Orc:1)
  2 boulder beetles
  Erolcha (Orc:1)
  7 hydras
  Erica (D:8)
  Harold (Lair:2)
  A hell hog (Volcano)
  5 two-headed ogres
  10 death yaks
  An orc high priest (Orc:2)
  2 lindwurms
  5 orc knights
  An orc sorcerer (Orc:2)
  6 oklob plants
  2 wolf spiders (Lair:6)
  2 ugly things (D:11)
  2 merfolk sirens (Lair:2)
  11 black mambas
  Joseph (D:7)
  A guardian serpent (Lair:6)
  6 elephants
  2 rime drakes (Lair:3)
  17 komodo dragons
  27 cane toads
  5 trolls
  A queen bee (Lair:3)
  2 polar bears (Lair:6)
  26 blink frogs
  3 hornets
  17 dream sheep
  A redback (Lair:6)
  A wraith (D:10)
  A vampire (D:11)
  13 wyverns
  3 steam dragons (Volcano)
  3 basilisks
  38 yaks
  3 fire bats (Volcano)
  An acid dragon (D:11)
  2 wargs
  20 water moccasins
  2 black bears
  26 orc warriors
  17 ogres
  21 wolves
  7 centaurs
  A phantom (D:6)
  3 kobold brigands
  13 bullfrogs
  A gnoll sergeant (D:9)
  7 scorpions
  A water moccasin zombie (D:5)
  2 wyvern skeletons (D:7)
  An electric eel (Lair:4)
  24 killer bees (Lair:3)
  3 howler monkeys (D:8)
  4 hounds
  A centaur zombie (D:9)
  A centaur skeleton (D:4)
  21 orc priests
  Crazy Yiuf (D:2)
  A jelly (D:7)
  Terence (D:2)
  A bullfrog skeleton (D:5)
  7 iguanas
  13 orc wizards
  A killer bee zombie (D:7)
  Robin (D:2)
  5 gnolls
  8 adders
  A white imp (D:7)
  An ufetubus (D:5)
  2 adder skeletons
  A worm (D:2)
  4 dart slugs
  68 orcs
  13 bats
  5 giant cockroaches
  14 goblins
  12 hobgoblins
  15 jackals
  21 kobolds
  2 quokkas
  7 ball pythons
  3 frilled lizards (D:1)
  A quokka skeleton (D:4)
  4 rats
627 creatures vanquished.

Vanquished Creatures (collateral kills)
  3 water moccasins
  An orc warrior (Orc:2)
  An ogre (Orc:2)
  3 gnolls (D:9)
  3 orcs (Orc:2)
11 creatures vanquished.

Vanquished Creatures (others)
  A steam dragon (Volcano)
  10 bushes (Lair:6)
  50 fungi
  124 plants
185 creatures vanquished.

Grand Total: 823 creatures vanquished

Notes
Turn   | Place    | Note
-------+----------+-------------------------------------------
     0 | D:1      | miscthings the Demigod Gladiator began the quest for the
                  | Orb.
     0 | D:1      | Reached XP level 1. HP: 17/17 MP: 3/3
    72 | D:1      | Reached skill level 3 in Long Blades
   202 | D:1      | Reached XP level 2. HP: 17/24 MP: 4/4
   829 | D:2      | Noticed Robin
   844 | D:1      | Reached XP level 3. HP: 17/29 MP: 5/5
   881 | D:1      | Reached skill level 4 in Long Blades
  1269 | D:2      | Killed Robin
  1527 | D:2      | Found a runed translucent door.
  1528 | D:2      | Noticed Crazy Yiuf
  1664 | D:2      | Noticed Terence
  1675 | D:2      | Killed Terence
  1676 | D:2      | Reached XP level 4. HP: 36/36 MP: 6/6
  1731 | D:2      | Killed Crazy Yiuf
  1732 | D:2      | Reached skill level 5 in Long Blades
  2154 | D:3      | Reached XP level 5. HP: 11/41 MP: 7/7
  2393 | D:3      | Gained mutation: Your natural rate of healing is unusually
                  | fast. [potion of mutation]
  2393 | D:3      | Gained mutation: You are partially covered in iridescent
                  | scales. (AC +2) [potion of mutation]
  2684 | D:4      | Found a staircase to the Ecumenical Temple.
  2726 | D:4      | Reached skill level 6 in Long Blades
  3005 | D:4      | Reached XP level 6. HP: 48/48 MP: 8/8
  3135 | D:4      | Reached skill level 7 in Long Blades
  3135 | D:4      | Reached skill level 1 in Shields
  3174 | D:4      | Reached XP level 7. HP: 53/53 MP: 9/9
  3381 | D:5      | Entered Level 5 of the Dungeon
  3452 | D:5      | Reached skill level 8 in Long Blades
  3805 | D:5      | Reached XP level 8. HP: 60/60 MP: 10/10
  3835 | D:5      | Found Ebanla's Assorted Antiques.
  3843 | D:5      | Bought a scroll labelled MECWEALY YZUU for 24 gold pieces
  3843 | D:5      | Bought a scroll labelled BIOKIE KOEPHA for 24 gold pieces
  3843 | D:5      | Bought a cabochon ring for 120 gold pieces
  3918 | D:5      | Identified the +0 robe of the Special Seas {Str+2 Dex+5}
  4070 | D:6      | Reached skill level 9 in Long Blades
  4582 | D:7      | Noticed Joseph
  4627 | D:7      | Killed Joseph
  4628 | D:7      | Reached skill level 10 in Long Blades
  5111 | D:7      | Reached XP level 9. HP: 32/67 MP: 11/11
  5160 | D:7      | Reached skill level 11 in Long Blades
  5755 | D:8      | Noticed Erica
  5867 | D:5      | Bought a copper ring for 120 gold pieces
  5940 | D:8      | Killed Erica
  5941 | D:8      | Reached skill level 1 in Armour
  5941 | D:8      | Reached skill level 1 in Evocations
  6127 | D:8      | Identified the +8 morningstar of Disaster {venom, *Noise
                  | rC+ rN+ Will+}
  6749 | D:9      | Noticed a two-headed ogre
  6783 | D:9      | Noticed a two-headed ogre
  6794 | D:9      | Killed a two-headed ogre
  6847 | D:9      | Killed a two-headed ogre
  6848 | D:9      | Reached skill level 12 in Long Blades
  6848 | D:9      | Reached XP level 10. HP: 77/77 MP: 13/13
  7123 | D:9      | Reached skill level 5 in Throwing
  7733 | D:10     | Entered Level 10 of the Dungeon
  7804 | D:10     | Found Oniommesk's Magic Scroll Boutique.
  7812 | D:10     | Bought a scroll of noise for 12 gold pieces
  7877 | D:10     | Found a staircase to the Orcish Mines.
  7973 | D:10     | Noticed a boulder beetle
  7986 | D:10     | Killed a boulder beetle
  8149 | D:10     | Found Saug's Armour Shop.
  8255 | D:10     | Found Colat's Weapon Shop.
  8386 | D:10     | Found Syhukk's Distillery.
  8548 | D:11     | Noticed a white ugly thing
  8559 | D:11     | Killed a white ugly thing
  8662 | D:11     | Noticed a purple ugly thing
  8681 | D:11     | Killed a purple ugly thing
  8682 | D:11     | Reached XP level 11. HP: 44/84 MP: 14/14
  8779 | D:11     | Found a staircase to the Lair.
  9140 | Lair:1   | Entered Level 1 of the Lair of Beasts
  9235 | Lair:1   | Identified the +0 scale mail of the Harvest Moon {Harm
                  | *Corrode Int+8 Dex-5}
  9686 | Lair:1   | Reached skill level 5 in Dodging
  9783 | Lair:1   | Noticed an eight-headed hydra
  9814 | Lair:1   | Killed a five-headed hydra
 10043 | Lair:2   | Reached skill level 13 in Long Blades
 10084 | Lair:1   | Reached skill level 5 in Shields
 10213 | Lair:2   | Reached skill level 5 in Fighting
 10462 | Lair:2   | Noticed Harold
 10506 | Lair:2   | Killed Harold
 10507 | Lair:2   | Reached skill level 5 in Evocations
 10546 | Lair:2   | Reached skill level 5 in Armour
 10599 | Lair:2   | Reached XP level 12. HP: 94/94 MP: 15/15
 10725 | Lair:2   | Found a staircase to the Snake Pit.
 10975 | Lair:2   | Noticed a six-headed hydra
 10987 | Lair:2   | Killed a one-headed hydra
 11048 | Lair:2   | Found a staircase to the Shoals.
 11382 | Lair:3   | Found a dark tunnel.
 11398 | Volcano  | Entered a volcano
 11598 | Volcano  | Noticed a fire dragon
 11618 | Volcano  | Killed a fire dragon
 12483 | Lair:4   | Reached skill level 14 in Long Blades
 12532 | Lair:4   | Identified the +0 pair of boots of Beonwero {Dex+3}
 12547 | Lair:4   | Noticed Rupert
 12575 | Lair:4   | Reached XP level 13. HP: 35/103 MP: 16/16
 12575 | Lair:4   | Killed Rupert
 13706 | Lair:5   | Reached skill level 10 in Throwing
 14579 | Lair:6   | Entered Level 6 of the Lair of Beasts
 14887 | Lair:6   | HP: 5/107 [blink frog (10)]
 15090 | Lair:5   | Reached XP level 14. HP: 35/115 MP: 17/17
 15202 | Lair:6   | Found a staircase to the Slime Pits.
 16669 | Orc:1    | Entered Level 1 of the Orcish Mines
 17023 | Orc:1    | Noticed Erolcha
 17053 | Orc:1    | Killed Erolcha
 17254 | Orc:2    | Entered Level 2 of the Orcish Mines
 17481 | Orc:2    | Found Zaofien's Antique Weapon Emporium.
 17623 | Orc:2    | Found Dyreu's Antique Armour Shoppe.
 17648 | Orc:2    | Bought a heavily runed helmet for 285 gold pieces
 17648 | Orc:2    | Identified the +1 helmet of Lacwivvi {Int+3 Dex+3} (You
                  | bought it in a shop on level 2 of the Orcish Mines)
 17763 | Orc:2    | Noticed Donald
 17785 | Orc:2    | Killed Donald
 18253 | Orc:2    | Noticed an orc warlord
 18283 | Orc:2    | Found Wudocune's Jewellery Shoppe.
 18283 | Orc:2    | Killed from afar by an orc priest

Illustrated notes

Levels and vault maps discovered:
D:1:      minmay_arrival_loop, layout_rooms,
          shapermc_ecumenical_altar_totnotflames, minmay_octomino_e4
D:2:      layout_rooms, uniq_robin, uniq_terence, uniq_crazy_yiuf_cottage
D:3:      layout_basic
D:4:      old_forge, layout_cave_pools, temple_green
D:5:      layout_rooms, serial_shops, shop
D:6:      layout_rooms
D:7:      layout_loops_ring, nemelex_spade_bored_becter, lemuel_flame_loot_1,
          uniq_joseph
D:8:      layout_basic, uniq_erica
D:9:      layout_gridville, nicolae_kikubaaqudgha_miasma_corner,
          skrybe_limestone_x, grunt_ministairs_6
D:10:     layout_basic, mainiacjoe_overflow_catwalk_spiral, grunt_qazlal_clouds,
          nicolae_overflow_hidden_temple, david_orc_3, serial_shops, shop,
          kennysheep_mini, nicolae_square_shop, shop
D:11:     layout_loops_ring, dpeg_oklobed_lair
Lair:1:   beast_lair_carwin_large_2, layout_regular_city
Lair:2:   layout_chaotic_city, elwin_shoals_entry_rooms,
          minmay_snake_entry_six_corridors, beast_lair_carwin_8, uniq_harold
Lair:3:   layout_roguey [special_room_bee], special_room, enter_volcano_1
Lair:4:   layout_cave_pods, chequers_serial_rivers_large_a, serial_bayou_pond_e,
          lemuel_oklob_altar, grunt_megastairs_3, serial_bayou_shore_a,
          minmay_lair_oklob_chamber, uniq_rupert
Lair:5:   layout_loops_ring, infiniplex_staircase_pool, lemuel_fruit_fields
Lair:6:   hangedman_lair_tendril_chambers, layout_misc_corridors, slime_altar_1,
          grunt_forest_large_clearing_hut, lemuel_fruit_tree,
          infiniplex_staircase_pool_2
Orc:1:    layout_caves, uniq_erolcha
Orc:2:    pubby_orc_utopia, uniq_donald

Skill      XL: |  1  2  3  4  5  6  7  8  9 10 11 12 13 14 |
---------------+-------------------------------------------+-----
Long Blades    | 3 4 5 6 7 8 10 12 13 14 | 14.0
Shields        | 1 3 4 5 6 8 9 |  9.4
Fighting       | 3 4 5 6 8 9 |  9.3
Throwing       | 4 5 7 9 10 | 10.0
Armour         | 2 3 5 6 7 9 |  9.1
Dodging        | 3 4 5 6 8 9 |  9.5
Evocations     | 2 3 5 6 7 9 |  9.2

Action                   |  1- 3 |  4- 6 |  7- 9 | 10-12 | 13-15 || total
-------------------------+-------+-------+-------+-------+-------++-------
Melee: Long sword        |   157 |   190 |   224 |       |       ||   571
       Falchion          |       |       |   112 |       |       ||   112
       Scimitar          |       |       |    27 |   619 |  1024 ||  1670
Throw: Throwing net      |     1 |     1 |     4 |     2 |       ||     8
       Dart              |       |     6 |    24 |    14 |    14 ||    58
Evoke: Wand              |       |       |     7 |     5 |    21 ||    33
       Phantom mirror    |       |       |       |     1 |     1 ||     2
       Phial of floods   |       |       |       |     1 |     1 ||     2
       Condenser vane    |       |       |       |     1 |     1 ||     2
  Use: Potion            |       |     1 |     1 |       |     4 ||     6
       Scroll            |       |       |     7 |    17 |     7 ||    31
 Stab: Held in net/web   |     1 |     4 |     3 |     4 |       ||    12
       Sleeping          |       |       |     4 |     2 |       ||     6
Armor: Leather armour    |     6 |       |       |       |       ||     6
       Scale mail        |    69 |   106 |    48 |       |       ||   223
       Robe              |       |       |    43 |    45 |       ||    88
       Acid dragon scale |       |       |       |    64 |     2 ||    66
       Plate armour      |       |       |       |    62 |   386 ||   448
Dodge: Dodged            |   114 |   111 |   144 |   328 |   541 ||  1238
Block: Buckler           |     8 |    46 |    94 |   187 |   370 ||   705
       Rpst.: Long sword |    30 |    33 |    26 |       |       ||    89
       Falchion          |       |       |    16 |       |       ||    16
       Scimitar          |       |       |     3 |    97 |   141 ||   241

Table legend: (Time is in decaauts)
 A = Elapsed time spent in this place.
 B = Non-inter-level travel time spent in this place.
 C = Inter-level travel time spent in this place.
 D = Time resting spent in this place.
 E = Time spent auto-exploring this place.
 F = Levels seen in this place.
 G = Mean time per level.
                   A        B        C        D        E       F      G
               +--------+--------+--------+--------+--------+-----+--------+
         Total |  17883 |  16909 |    974 |   2024 |  10178 |  20 |  894.2 |
       Dungeon |   9353 |   8690 |    663 |   1122 |   5453 |  11 |  850.3 |
          Lair |   6852 |   6550 |    302 |    766 |   3790 |   6 | 1142.0 |
  Orcish Mines |   1346 |   1337 |      9 |     23 |    860 |   2 |  673.0 |
       Volcano |    331 |    331 |      0 |    113 |     74 |   1 |  331.0 |
               +--------+--------+--------+--------+--------+-----+--------+

Top non-repeatable levels by time:
  Lair:6: 1630 daAuts
  Lair:4: 1304 daAuts
     D:1: 1217 daAuts
  Lair:2: 1131 daAuts
     D:8: 1116 daAuts
     D:7: 989 daAuts
  Lair:1: 985 daAuts
  Lair:5: 965 daAuts
   Orc:2: 957 daAuts
    D:10: 956 daAuts
     D:9: 939 daAuts
  Lair:3: 835 daAuts
     D:3: 794 daAuts
     D:4: 766 daAuts
     D:2: 697 daAuts
